[Event "CCT Final-RR 2024"]
[Site "Oslo"]
[Date "2024.12.18"]
[Round "4"]
[White "Vachier-Lagrave, Maxime"]
[Black "Carlsen, Magnus"]
[Result "1/2-1/2"]
[ECO "C77"]
[WhiteElo "2731"]
[BlackElo "2831"]
[Annotator "TA"]
[PlyCount "122"]
[EventDate "2024.12.11"]
[EventType "tourn"]
[EventCountry "NOR"]
[SourceTitle "playchess.com"]
[Source "ChessBase"]
[SourceQuality "1"]
[TimeControl "600+2"]

1. e4 e5 2. Nf3 Nc6 3. Bb5 a6 4. Ba4 Nf6 5. O-O Be7 6. d3 b5 7. Bb3 O-O 8. Nc3 d6 9. a3 Rb8 {[%emt 0:00:02] C77: Ruy Lopez: 3...a6 4 Ba4 Nf6, unusual lines.} 10. h3 h6 11. Ne2 Re8 12. Ng3 Bf8 13. c3 $146 ({Predecessor:} 13. Nh2 Be6 14. Bxe6 Rxe6 15. c3 d5 16. Qf3 d4 17. Ng4 Nxg4 18. hxg4 dxc3 19. bxc3 {0-1 Trent,L (2403)-Shuvalova,P (2506) I'M Not A GM Final KO blitz 2023 (1.24)}) 13... Be6 14. Bc2 d5 15. b4 dxe4 16. dxe4 Qxd1 17. Rxd1 Red8 18. Rxd8 Rxd8 19. a4 Ne8 20. axb5 axb5 21. Ra6 Bd7 22. Nf1 Nd6 23. Ne3 f6 24. Nd2 Ne7 25. Nb3 Bc6 26. Nc5 Ra8 27. Bb3+ Kh7 28. Rxa8 Bxa8 29. Ne6 Ng6 30. f3 c6 31. Nf5 Nc4 32. Nxf8+ (32. Bxc4 $18 bxc4 33. Be3) 32... Nxf8 $16 33. Bxc4 bxc4 34. Nd6 Ne6 35. Be3 g5 36. Nxc4 Bb7 37. Na5 Ba8 38. Kf2 Kg6 39. Ke2 h5 40. g4 h4 (40... hxg4 {keeps fighting.} 41. hxg4 Kf7) 41. Kd3 Kf7 42. Kc4 Ke7 43. b5 (43. Kb3 $18) 43... cxb5+ 44. Kxb5 Kd7 45. c4 Nd8 46. Kb6 Bc6 47. Nxc6 (47. Nb3 $1 $16) 47... Nxc6 $11 48. c5 Nd8 49. Bd2 Nc6 $1 50. Bc3 Nd8 51. Kb5 Nc6 52. Ka6 Kc7 53. Kb5 Kd7 54. Kb6 Nd8 55. Be1 Nc6 $1 56. Bc3 Nd8 {[%emt 0:00:07] [#]} 57. f4 $2 (57. Ba5 $1 $11) 57... exf4 $19 58. Bxf6 {[%emt 0:00:00] [#]} f3 $2 ({Black should play} 58... Ne6 $1 $19 {...f3 is the strong threat.} 59. Bc3 f3) 59. Bd4 $1 $11 (59. Bxg5 f2 60. Kb5 f1=Q+ $19 (60... f1=R $2 61. e5 $19)) (59. Bxd8 Kc8 (59... Kxd8 60. Kb7 $11) (59... f2 $2 60. Bxg5 f1=Q 61. c6+ Kc8 62. Bxh4 $19) 60. Bxg5 f2 61. Bxh4 f1=Q $19 (61... f1=R $2 62. e5 $18)) 59... Nc6 (59... Kc8 $5 60. e5 $8 Ne6 $11) 60. Be3 Ne5 61. Kb7 $1 (61. Bxg5 f2 62. Kb5 f1=Q+ (62... f1=R $2 63. c6+ Nxc6 64. Kc5 $19) 63. Kb4 Nc6+ (63... Qxh3 {is a self mate.} 64. Bh6 Qf3 65. Bg7 Nc6+ 66. Ka4 Qd1+ 67. Ka3 Qc2 68. g5 Na5 69. Kb4 Qb3+ 70. Kxa5 Kc6 71. Bh8 Qb5#) 64. Kc3 Qxh3+ 65. Kd2 Qg2+ (65... Qxg4 {leads to mate.} 66. Bxh4 Qxh4 67. Kd3 Qf2 68. e5 Nxe5+ 69. Kc3 Qe3+ 70. Kc2 Nc4 71. c6+ Kxc6 72. Kb1 Qd2 73. Ka1 Qb2#) 66. Kd3 Qf3+ (66... Qxg4 67. Bf6 h3 68. Be5 Nxe5+ 69. Kd2 h2 70. Kc3 Qxe4 71. Kb3 h1=Q 72. c6+ Kxc6 73. Ka3 Qa1+ 74. Kb3 Qc4#) 67. Be3 h3 (67... Qxg4 68. Bf2 h3 69. Bg1 Qxg1 70. e5 h2 71. Kc3 h1=Q 72. e6+ Kxe6 73. Kb3 Qd5+ 74. Kb2 Qh2+ 75. Kc3 Qhd2#) 68. Kc4 h2 (68... Qxe3 69. e5 h2 70. e6+ Kxe6 71. Kb5 h1=Q 72. Ka6 Qb1 73. g5 Qe2#) (68... Qe2+ 69. Kb3 Qxe3+ 70. Kc4 h2 71. e5 h1=Q 72. e6+ Qxe6+ 73. Kd3 Qd1+ 74. Kc3 Qeb3#) 69. e5 Qxe3 (69... h1=B 70. Kd3 Qd1+ 71. Bd2 Bd5 72. e6+ Kxe6 73. g5 Ne5+ 74. Kc3 Qb3+ 75. Kd4 Nf3#) (69... Qe2+ 70. Kb3 h1=Q 71. e6+ Kxe6 72. Bd2 Qb1+ 73. Ka3 Qa6+ 74. Ba5 Qxa5#) 70. e6+ Kxe6 (70... Qxe6+ 71. Kd3 Qxg4 72. Ke3 h1=Q 73. Kd3 Qd4+ 74. Ke2 Qhd1#) 71. g5 h1=Q (71... h1=B 72. Kb5 Qb3+ 73. Ka6 Be4 74. g6 Bd3#) 72. Kb5 Qb3+ 73. Ka6 Qf1#) 61... Nc6 1/2-1/2

[Event "CCT Final-RR 2024"]
[Site "Oslo"]
[Date "2024.12.18"]
[Round "4"]
[White "Lazavik, Denis"]
[Black "Aronian, Levon"]
[Result "0-1"]
[ECO "A05"]
[WhiteElo "2578"]
[BlackElo "2747"]
[Annotator "TA"]
[PlyCount "150"]
[EventDate "2024.12.11"]
[EventType "tourn"]
[EventCountry "NOR"]
[SourceTitle "playchess.com"]
[Source "ChessBase"]
[SourceQuality "1"]
[TimeControl "600+2"]

1. Nf3 Nf6 2. b3 c5 3. Bb2 Nc6 4. e3 g6 5. Bb5 Bg7 6. O-O O-O 7. Re1 d6 8. d4 cxd4 9. exd4 Bg4 10. Nbd2 Rc8 11. h3 Bf5 12. a3 a6 13. Bf1 d5 14. c3 Ne4 15. Nh4 e6 16. Nxf5 exf5 17. Nf3 Qb6 18. b4 Na5 19. Rc1 Nc4 20. Bxc4 Rxc4 21. Nd2 Rc6 22. Nb3 Qc7 23. Nc5 a5 24. b5 Rd6 25. a4 Rc8 26. Nd3 Rdd8 27. f3 Nd6 28. Ra1 Bh6 29. Bc1 Bxc1 30. Rxc1 Nc4 31. Qe2 Qd6 32. Nc5 Rc7 33. Qf2 b6 34. Nd3 Re7 35. Rxe7 Qxe7 36. Re1 Qg5 37. h4 Qf6 38. Nf4 Qd6 39. g3 Qa3 40. Qc2 Kf8 41. Kf2 Qb2 (41... Rd6 $11) 42. Qe2 ({White should try} 42. Qxb2 $14 Nxb2 43. Ra1) 42... Rd6 43. h5 g5 44. Nd3 $1 Qxe2+ 45. Rxe2 Re6 46. Ne5 Nxe5 47. dxe5 f4 48. gxf4 gxf4 49. c4 (49. Ke1 $11) 49... dxc4 $15 50. Re4 $1 c3 51. Ke2 f5 (51... f6 $1 $15 52. Rxf4 Rxe5+ 53. Kd3 Kf7 (53... Rxh5 54. Rxf6+ Ke7 55. Rxb6 $11)) 52. Rxf4 $11 Rxe5+ 53. Kd3 Rc5 54. Kc2 $1 Ke7 55. Rd4 Re5 56. Kxc3 Re3+ 57. Kc4 Rxf3 58. Kd5 Rc3 59. Ke5 Rc5+ 60. Kf4 $1 h6 61. Rd2 Ke6 62. Rg2 Rc4+ 63. Ke3 (63. Kf3 $11) 63... Rg4 (63... Rxa4 $6 64. Rg6+ Kd5 65. Rxh6 $11) (63... f4+ $17 64. Kf3 Rxa4 65. Rg6+ Kf5) 64. Rc2 $2 {[%emt 0:00:02] [#]} (64. Rxg4 $1 $11 fxg4 65. Kf4) 64... Rxa4 (64... Re4+ 65. Kf3 $11) ({Black should play} 64... Kf6 $1 $19 65. Rc6+ Kg5 66. Rxb6 Rxa4) 65. Rc6+ $17 Ke5 (65... Kd5 $17 66. Rxb6 Re4+ 67. Kd3 Re6 (67... Rd4+ 68. Kc3 $11)) 66. Rxh6 Rh4 67. Rh8 $2 (67. Rxb6 $11 Rxh5 68. Kd3) 67... a4 68. h6 Kf6 $2 (68... a3 $19 {and ...Rh1 would now be decisive} 69. Kf3 a2 70. Re8+ Kf6) 69. Rb8 $11 a3 70. Rxb6+ Ke5 71. Ra6 a2 72. b6 Rh3+ 73. Kd2 Kd6 74. Rxa2 $2 ({Don't blunder} 74. b7+ $2 Kc7 75. h7 Rxh7 $19 (75... Kxb7 76. Rxa2 Rxh7 77. Rc2 $11)) (74. Kc2 $11) 74... Rh2+ ({Not} 74... Rxh6 75. Ra7 $11) 75. Kc3 Rxa2 0-1

[Event "CCT Final-RR 2024"]
[Site "Oslo"]
[Date "2024.12.18"]
[Round "5"]
[White "Carlsen, Magnus"]
[Black "Firouzja, Alireza"]
[Result "1/2-1/2"]
[ECO "A34"]
[WhiteElo "2831"]
[BlackElo "2763"]
[Annotator "RC"]
[PlyCount "76"]
[EventDate "2024.12.11"]
[EventType "tourn"]
[EventCountry "NOR"]
[SourceTitle "playchess.com"]
[Source "ChessBase"]
[SourceQuality "1"]
[TimeControl "600+2"]

1. Nf3 Nf6 2. c4 c5 3. g3 Nc6 4. Bg2 d5 5. cxd5 Nxd5 6. Nc3 g6 7. h4 h6 8. O-O Bg7 9. d4 cxd4 10. Nxd4 Nxd4 11. Nxd5 Bh3 12. Bxh3 Qxd5 13. e3 Nf3+ 14. Kh1 Qxd1 15. Rxd1 O-O 16. Kg2 Ne5 17. b3 Nd3 18. Rb1 Rfd8 19. Ba3 e6 20. Kf1 Rac8 21. Bg2 b5 22. Be7 Rd7 23. Bb4 Bc3 24. Bxc3 Rxc3 25. Be4 b4 26. Bxd3 Rdxd3 27. Rxd3 Rxd3 28. Rb2 Rc3 29. Rd2 a5 30. Rd8+ Kg7 31. Ra8 Rc5 32. Ra7 g5 33. hxg5 hxg5 34. g4 Kg6 35. Ra6 Kf6 36. Kg2 Ke5 37. Kf3 Kf6 38. Kg3 Kg6 1/2-1/2

[Event "CCT Final-RR 2024"]
[Site "Oslo"]
[Date "2024.12.18"]
[Round "5"]
[White "Firouzja, Alireza"]
[Black "Carlsen, Magnus"]
[Result "1/2-1/2"]
[ECO "C55"]
[WhiteElo "2763"]
[BlackElo "2831"]
[Annotator "TA"]
[PlyCount "108"]
[EventDate "2024.12.11"]
[EventType "tourn"]
[EventCountry "NOR"]
[SourceTitle "playchess.com"]
[Source "ChessBase"]
[SourceQuality "1"]
[TimeControl "600+2"]

1. e4 e5 2. Nf3 Nc6 3. Bc4 Nf6 4. d3 Be7 5. O-O O-O 6. Nc3 d6 7. a4 a5 8. Re1 h6 9. h3 Re8 10. Ne2 Bf8 11. Ng3 Be6 12. Bb5 Bd7 13. c3 Ne7 14. d4 Bxb5 15. axb5 exd4 16. Nxd4 Ng6 17. c4 c6 18. bxc6 bxc6 19. Nxc6 Qc7 20. Qa4 d5 21. cxd5 Nxd5 22. Bd2 (22. Nxa5 $6 Nb4 23. Bd2 Nd3 $15) 22... Ndf4 23. Qb5 {[%emt 0:01:03][%cal Oe1d1] Repels Nd3} (23. Nxa5 Nd3 24. Re2 Rec8 $11) 23... Nxg2 $1 24. Kxg2 Qd7 {[%emt 0:00:21] Wards off Nf5} 25. Be3 Nh4+ 26. Kf1 {[%emt 0:00:01] And now Nf5 would win.} Rab8 27. Qd5 (27. Nxb8 $2 Qxb5+ 28. Re2 Rxb8 $19 (28... Qxb8 $2 29. f4 $19)) 27... Qxh3+ 28. Ke2 Rxb2+ 29. Kd3 $1 Ng2 30. Re2 Rb7 31. Qf5 (31. Rxa5 $2 Rd7 32. Rea2 Rxd5+ 33. Rxd5 Nxe3 34. Kxe3 Qe6 $19) 31... Qh4 $1 {[%emt 0:00:47][%cal Oe8d8] White must now prevent ...Rd8+!.} 32. Rh1 $1 (32. Qxa5 Rb3+ 33. Kd2 Qf6 $19) 32... Nxe3 (32... Rb3+ $2 33. Kc2 $18 (33. Kd4 Rxe4+ 34. Qxe4 Qf6+ 35. Kd5 Rc3 $11)) (32... Rd8+ $1 $11 33. Bd4 (33. Nxd8 $2 Qxd8+ 34. Bd4 Rb4 $19) 33... Nf4+ 34. Kc2 Qxh1 35. Nxh1 Nxe2) 33. Rxe3 (33. Rxh4 Rb3+ 34. Kd2 Rd8+ 35. Nxd8 Bb4+ 36. Kc1 Ba3+ 37. Kd2 (37. Rb2 Bxb2+ 38. Kd2 Nxf5 $14) 37... Bb4+ 38. Kc1 Ba3+ 39. Kd2 Bb4+ $14) 33... Qg5 34. Qxg5 (34. Qxa5 Qf6 35. Nd4 Bb4 $19 (35... Qxf2 36. Nge2 $15)) ({Inferior is} 34. Nxa5 Qd8+ 35. Ke2 Rb2+ 36. Kf3 Re6 $17 (36... g6 37. Qf4 $17)) 34... hxg5 35. Nxa5 Rd8+ $1 36. Ke2 Rb2+ 37. Kf3 {[%emt 0:00:01] Threatening Nc4.} Bc5 $1 38. Nc4 Rc2 39. Ne5 ({But not} 39. Na3 Ra2 40. Nc4 Bxe3 41. Nxe3 Rd3 $16) 39... Bxe3 40. fxe3 f6 41. Ng4 Kf7 42. e5 $1 Ke6 43. exf6 gxf6 44. Rh6 Rf8 45. Ne4 Ke7 $1 46. Rxf6 (46. Nexf6 $5 Rc6 $8 47. Rh7+ Kd8 48. Rd7+ Kc8 49. Rg7 Rfxf6+ 50. Nxf6 Rxf6+ 51. Ke4 $16) 46... Rxf6+ 47. Nexf6 Ke6 48. Ne4 Ra2 49. Ngf2 g4+ 50. Kxg4 Ra3 {[%emt 0:00:01] [#]} 51. Nd3 $1 Rxd3 52. Nc5+ Ke5 53. Nxd3+ Ke4 54. Nf2+ $1 Kxe3 1/2-1/2

[Event "CCT Final-RR 2024"]
[Site "Oslo"]
[Date "2024.12.18"]
[Round "5"]
[White "Nepomniachtchi, Ian"]
[Black "Lazavik, Denis"]
[Result "1-0"]
[ECO "C55"]
[WhiteElo "2755"]
[BlackElo "2578"]
[Annotator "TA"]
[PlyCount "101"]
[EventDate "2024.12.11"]
[EventType "tourn"]
[EventCountry "NOR"]
[SourceTitle "playchess.com"]
[Source "ChessBase"]
[SourceQuality "1"]
[TimeControl "600+2"]

1. e4 e5 2. Nf3 Nc6 3. Bc4 Nf6 4. d3 Be7 5. O-O O-O 6. a4 d5 7. exd5 Nxd5 8. h3 Kh8 9. Re1 f6 10. a5 Bf5 11. Nbd2 a6 12. Nb3 b5 13. axb6 Nxb6 14. Nfd2 Nxc4 15. Nxc4 Be6 16. Be3 Qd5 17. Nbd2 f5 18. f3 Bh4 19. Rf1 a5 20. Bf2 Bf6 21. Re1 a4 22. Nb1 Qd7 23. Nc3 e4 24. Nxa4 (24. dxe4 $2 Qxd1 25. Rexd1 Bxc3 (25... Bxc4 $2 26. Rxa4 Rxa4 27. Nxa4 $19) 26. bxc3 Bxc4 $19) 24... Bxc4 25. dxc4 Qxd1 26. Rexd1 exf3 27. c3 fxg2 (27... Kg8 {simplifies} 28. Nc5 Rxa1 29. Rxa1 Rd8) 28. Nc5 Rxa1 29. Rxa1 Ne5 30. Ne6 Rc8 31. c5 Kg8 32. Ra7 c6 33. Kxg2 Re8 34. Nd4 Nd3 (34... f4 $11) 35. b4 (35. Nxf5 $2 Re2 36. Ra8+ Kf7 37. Nd6+ Ke6 $19 (37... Kg6 38. Kf3 $17)) 35... Re4 {[%emt 0:00:29] [#]} ({Black should play} 35... g5 $14) 36. b5 $1 $18 (36. Nxf5 Re2 37. Ra8+ Kf7 38. Nd6+ Ke6 (38... Kg6 39. Kf3 $15) 39. Re8+ Be7 $15) (36. Nxc6 Bxc3 37. Rd7 (37. b5 Re2 $11) 37... Nxb4 38. Nxb4 Rxb4 $11) 36... cxb5 {[%emt 0:00:11] [#]} 37. c6 $1 Re8 ({Wrong is} 37... Nxf2 $2 38. Ra8+ (38. c7 Re8 $16) 38... Kf7 39. c7 (39. Kxf2 Re7 $14) 39... Bxd4 40. c8=Q $18 (40. c8=R $2 {loses.} Be3 $19)) 38. Nxb5 Nxf2 $2 (38... Nf4+ {was necessary.} 39. Kh1 Ne6) 39. Kxf2 $18 Be5 40. Rd7 h5 $2 (40... g5 41. c7 Bxc7) 41. c4 $18 g5 42. c7 Bxc7 43. Nxc7 Re4 44. c5 Rc4 45. Ne6 g4 46. hxg4 hxg4 47. Kg3 Rc3+ 48. Kf4 Rf3+ 49. Ke5 g3 50. Kf6 g2 51. Rd8+ 1-0

[Event "CCT Final-RR 2024"]
[Site "Oslo"]
[Date "2024.12.18"]
[Round "5"]
[White "Aronian, Levon"]
[Black "So, Wesley"]
[Result "1-0"]
[ECO "B08"]
[WhiteElo "2747"]
[BlackElo "2747"]
[Annotator "TA"]
[PlyCount "39"]
[EventDate "2024.12.11"]
[EventType "tourn"]
[EventCountry "NOR"]
[SourceTitle "playchess.com"]
[Source "ChessBase"]
[SourceQuality "1"]
[TimeControl "600+2"]

1. e4 d6 2. d4 Nf6 3. Nc3 g6 4. Nf3 Bg7 5. Be2 O-O 6. O-O c6 7. a4 Qc7 8. Be3 e5 9. dxe5 dxe5 10. Bc4 Nbd7 11. h3 a5 12. Qd2 {[%emt 0:00:20] White is much more active.} Re8 13. Rad1 ({Better is} 13. Ng5 Re7 14. Rad1) 13... Bf8 $2 (13... Nf8 $16) 14. Ng5 $18 Re7 15. f4 exf4 (15... b6 $142 16. Ba2 h6) 16. Bxf4 Ne5 17. Qf2 Kg7 {[%emt 0:00:34] [#]} (17... Be6 $142) 18. Nxf7 $1 Rxf7 19. Bxf7 Kxf7 20. Bg5 1-0

[Event "CCT Final-RR 2024"]
[Site "Oslo"]
[Date "2024.12.18"]
[Round "5"]
[White "So, Wesley"]
[Black "Aronian, Levon"]
[Result "0-1"]
[ECO "B51"]
[WhiteElo "2747"]
[BlackElo "2747"]
[Annotator "RC"]
[PlyCount "178"]
[EventDate "2024.12.11"]
[EventType "tourn"]
[EventCountry "NOR"]
[SourceTitle "playchess.com"]
[Source "ChessBase"]
[SourceQuality "1"]
[TimeControl "600+2"]

1. e4 c5 2. Nf3 d6 3. Bb5+ Nd7 4. a4 Ngf6 5. Nc3 a6 6. Bc4 Qa5 7. Ba2 e6 8. Qe2 Be7 9. O-O O-O 10. d4 cxd4 11. Nxd4 Nb8 12. Be3 Nc6 13. Kh1 Bd7 14. f4 Qb4 15. Qd2 Rac8 16. Rab1 Nxd4 17. Qxd4 Qxd4 18. Bxd4 b5 19. axb5 axb5 20. b4 Rc7 21. h3 Rfc8 22. Rf3 Bc6 23. Re1 g6 24. Bb3 Nd7 25. Kh2 Kf8 26. Rd3 Rb7 27. f5 exf5 28. exf5 Ne5 29. Rdd1 gxf5 30. Rf1 Bd7 31. Nd5 Bg5 32. Nb6 Rxb6 33. Bxb6 Ke7 34. Bd4 Be6 35. Ra1 Nc6 36. Bc3 d5 37. Ra6 Be3 38. Be1 d4 39. Bh4+ Kd7 40. Rb6 Nxb4 41. Rxb5 Nxc2 42. Ba4 Kd6 43. Bg3+ Ke7 44. Rb7+ Kf6 45. Bb5 Bg5 46. Bd3 Ne3 47. Ra1 Rc3 48. Be2 f4 49. Be1 Rc2 50. Bf3 Nxg2 51. Kg1 Nxe1 52. Rxe1 d3 53. Rd1 d2 54. Rb4 Rc3 55. Kg2 Rd3 56. Rb2 Bd5 57. Bxd5 Rxd5 58. Kf2 f3 59. Kxf3 Rd3+ 60. Kg2 Rd4 61. Kf3 Kg6 62. Ke2 f6 63. Rf1 Rh4 64. Rb3 Rc4 65. Rg3 Kh5 66. Rgf3 Rc1 67. Rd1 Rc5 68. Rxd2 Re5+ 69. Kd1 Bxd2 70. Kxd2 f5 71. Kd3 Kg5 72. Kd4 Re4+ 73. Kd3 Re1 74. Rg3+ Kf4 75. Rg7 Re3+ 76. Kd2 h5 77. h4 Rg3 78. Rf7 Rh3 79. Ke2 Rxh4 80. Kf2 Rg4 81. Ra7 h4 82. Ra4+ Kg5 83. Ra8 h3 84. Rh8 Rh4 85. Rg8+ Kf4 86. Rg1 h2 87. Rh1 Rh8 88. Kg2 Kg4 89. Kf2 Kh3 0-1

[Event "CCT Final-RR 2024"]
[Site "Oslo"]
[Date "2024.12.18"]
[Round "5"]
[White "Keymer, Vincent"]
[Black "Vachier-Lagrave, Maxime"]
[Result "1/2-1/2"]
[ECO "A30"]
[WhiteElo "2733"]
[BlackElo "2731"]
[Annotator "TA"]
[PlyCount "116"]
[EventDate "2024.12.11"]
[EventType "tourn"]
[EventCountry "NOR"]
[SourceTitle "playchess.com"]
[Source "ChessBase"]
[SourceQuality "1"]
[TimeControl "600+2"]

1. c4 Nf6 2. Nf3 c5 3. b3 g6 4. Bb2 Bg7 5. g3 b6 6. Bg2 Bb7 7. O-O O-O 8. d4 cxd4 9. Qxd4 d6 10. Rd1 Nbd7 11. Nc3 Ne4 {[%emt 0:00:34] A30: Symmetrical English: Double Fianchetto and Hedgehog.} 12. Qe3 Nxc3 13. Bxc3 Bxc3 14. Qxc3 Rc8 {[%emt 0:00:05] 14...Qc7 is a critical line.} 15. Qe3 Rc5 16. Rd4 Nf6 17. Rad1 b5 $146 ({Predecessor:} 17... Qd7 18. Rh4 Rh5 19. Rxh5 Nxh5 20. Nd4 Bxg2 21. Kxg2 Nf6 22. Qf3 Rc8 23. a4 a6 {1-0 Adhiban,B (2654)-Livaic,L (2495) PRO League Stage rapid 2020 (1)}) 18. cxb5 Rxb5 19. Ra4 a5 20. Nd4 Re5 21. Qd3 Bxg2 22. Kxg2 Qa8+ 23. Qf3 Qxf3+ 24. Nxf3 Rc5 25. Ne1 Rfc8 26. Rdd4 d5 27. f3 e5 28. Rd2 e4 29. Kf2 Re8 (29... Rc1 $11 30. Ng2 Rh1) 30. Rc2 (30. Ng2 $14) 30... Rec8 $11 31. Rxc5 Rxc5 32. Ke3 g5 33. Kd2 Kf8 34. Ng2 Ke7 35. Ne3 h5 36. Nf5+ Kd7 37. Nd4 Ne8 38. Nf5 Nf6 39. h3 g4 40. fxg4 hxg4 41. h4 Nh5 42. e3 Kc7 (42... Ke6 $11 43. Nd4+ Kf6) 43. Rd4 (43. a3 $1 $14) 43... Kd7 $11 44. Ra4 ({White should play} 44. b4 $11 axb4 45. Rxb4) 44... Kc7 $16 {[%emt 0:00:01] [#]} 45. b4 (45. a3 $1 $16) 45... axb4 $11 46. Ra7+ Kd8 47. Rxf7 Ra5 48. Rh7 Rxa2+ 49. Kc1 Nf6 50. Rh6 Nd7 51. h5 $2 {[%emt 0:00:01] [#]} (51. Rd6 $11 {and White stays safe.}) 51... Rh2 $2 ({Black should try} 51... Ne5 $1 $19 {...b3 is the strong threat.} 52. Rh7 b3) 52. Rh8+ $11 Kc7 53. h6 $2 (53. Rh7 $1 $11) 53... Nc5 $19 54. Nd4 b3 55. Kb1 Rh1+ (55... Nd3 56. Nxb3 Ne5 (56... Rb2+ 57. Ka1 $16) 57. Nd4 $11) 56. Kb2 Rh2+ 57. Kb1 $1 Rh1+ $2 ({Weaker is} 57... Nd3 58. Nxb3 Ne5 (58... Rb2+ 59. Ka1 $14) 59. Nd4 $11) (57... b2 $19 58. Nb5+ Kc6) 58. Kb2 $11 Rh2+ 1/2-1/2

[Event "CCT Final-RR 2024"]
[Site "Oslo"]
[Date "2024.12.18"]
[Round "5"]
[White "Vachier-Lagrave, Maxime"]
[Black "Keymer, Vincent"]
[Result "1-0"]
[ECO "C49"]
[WhiteElo "2731"]
[BlackElo "2733"]
[Annotator "TA"]
[PlyCount "121"]
[EventDate "2024.12.11"]
[EventType "tourn"]
[EventCountry "NOR"]
[SourceTitle "playchess.com"]
[Source "ChessBase"]
[SourceQuality "1"]
[TimeControl "600+2"]

1. e4 e5 2. Nf3 Nc6 3. Nc3 Nf6 4. Bb5 Bb4 5. O-O O-O 6. d3 Bxc3 7. bxc3 d6 8. Bg5 h6 9. Bh4 a6 10. Bxc6 bxc6 11. Rb1 c5 12. c4 Bg4 13. h3 {[%emt 0:00:02] The position is equal.} Bxf3 14. Qxf3 g5 15. Bg3 Kg7 16. Rb3 Qd7 17. Rfb1 Ng8 18. c3 Ne7 {[%emt 0:00:04] [#]} 19. d4 $1 cxd4 (19... f6 {simplifies} 20. Qd1 Rfd8 21. Ra3 Qe6) 20. cxd4 exd4 21. e5 dxe5 22. Bxe5+ f6 $1 23. Bxf6+ Kg6 $2 {[%emt 0:00:01][%mdl 8192] [#]} (23... Kg8 $1 $14 24. Qe4 Nf5) 24. Qe4+ $2 (24. Qd3+ $1 $18 Kxf6 25. Qh7) 24... Qf5 $1 $14 (24... Kxf6 25. Qh7 g4 (25... Qf5 $2 26. Rf3 $18) 26. hxg4 Qxg4 27. Rg3 $18) 25. Qxe7 Rxf6 26. Rf1 {[%emt 0:00:28] Really sharp!} d3 (26... Rf7 $11 {remains equal.} 27. Qa3 Qe6) 27. Qxc7 $16 Re8 28. Rb7 {[%emt 0:00:30] g4 would kill now.} Rf7 29. Qc6+ (29. Rb6+ $16 Re6 30. Qd8 Rxb6 31. Qxb6+ Qf6 32. c5) 29... Re6 $11 30. Qc8 Rxb7 31. Qxb7 {[%emt 0:00:01][%mdl 4096] Endgame. KQR-KQR} Rd6 (31... d2 $11 32. Qc8 Rd6 33. Qe8+ Kf6) 32. Qb8 Qe6 33. c5 $36 {[%emt 0:00:05][%mdl 2048] White has the initiative.} Rd7 34. Rd1 d2 35. Qb6 Kf7 {[%emt 0:00:18] White must now prevent ...Qe1+.} 36. Qxe6+ (36. c6 {keeps more tension.} Qe1+ 37. Kh2 Qe5+ 38. g3) 36... Kxe6 $16 {[%emt 0:00:01] KR-KR} 37. Kf1 Rd5 38. Ke2 (38. c6 {is interesting.} Rc5 39. Rxd2 Rc1+ 40. Ke2) 38... Rxc5 39. Rxd2 (39. Kxd2 Ra5 $11) 39... Ra5 40. Kd3 h5 41. Kc4 g4 42. hxg4 hxg4 43. Re2+ Kf6 {[%emt 0:00:02] White leaves nothing to chance now.} 44. g3 Rf5 (44... Kg5 $14) 45. a4 $18 Kf7 46. Re4 Rxf2 47. Rxg4 {[%emt 0:00:00] White threatens Rf4+ and mate.} Rc2+ 48. Kb4 Rc6 49. Ka5 Ke7 50. Rg7+ Kf6 $2 (50... Kf8 51. Rg4 Re6) 51. Rb7 (51. Ra7 $142 Rc3 52. g4 (52. Rxa6+ Kf7 $16) (52. Kxa6 Rxg3 53. a5 Ke6 $11)) 51... Rc3 $2 (51... Ke5 52. Re7+ Kf5) 52. g4 ({Worse is} 52. Kxa6 Rxg3 53. Rb2 Ke6 $11) 52... Rg3 53. Rb4 ({Inferior is} 53. Kxa6 Rxg4 54. a5 Ke6 $11) 53... Ke6 54. Kxa6 {[%emt 0:00:01] Threatens to win with a5.} Kf7 55. a5 {[%emt 0:00:01][%cal Ba4a5,Ba5a6,Ba6a7][%mdl 32] White mates.} Kg7 56. Kb7 Re3 57. a6 Re7+ 58. Kb6 Re6+ 59. Ka5 Re5+ 60. Rb5 Re1 61. a7 {[%emt 0:00:02] Weighted Error Value: White=0.22 (precise) /Black=0.33.  Loses game:     	---       	Black=1      Missed win:     	White=1     	---        Mistake:       	White=2     	Black=5      Inaccurate:     	White=3     	Black=4      OK:         	White=20    	Black=9      Best:        	White=2     	Black=6      Strong:       	---       	Black=2} 1-0

[Event "CCT Final-RR 2024"]
[Site "Oslo"]
[Date "2024.12.18"]
[Round "5"]
[White "Lazavik, Denis"]
[Black "Nepomniachtchi, Ian"]
[Result "1-0"]
[ECO "A06"]
[WhiteElo "2578"]
[BlackElo "2755"]
[Annotator "TA"]
[PlyCount "97"]
[EventDate "2024.12.11"]
[EventType "tourn"]
[EventCountry "NOR"]
[SourceTitle "playchess.com"]
[Source "ChessBase"]
[SourceQuality "1"]
[TimeControl "600+2"]

1. Nf3 d5 2. b3 Nf6 3. Bb2 e6 4. e3 Be7 5. g4 O-O 6. g5 Ne4 7. h4 c5 8. Nc3 {[%emt 0:00:03] The position is equal.} Nxc3 9. dxc3 Nc6 10. c4 Qa5+ (10... d4 $15) 11. Qd2 Qxd2+ 12. Nxd2 d4 13. exd4 cxd4 14. O-O-O e5 15. Bg2 f6 16. gxf6 Rxf6 17. Bd5+ Kh8 18. Rde1 {[%emt 0:00:42] Threatens to win with Bxc6.} (18. Ne4 Rf4 $11) 18... Bd7 19. Ne4 Rf4 20. Kb1 Raf8 (20... Bxh4 21. Bc1 Bxf2 22. Bxf4 (22. Re2 Be3 $11) 22... Bxe1 23. Ng5 $16) (20... Rxh4 21. Rxh4 Bxh4 22. Nc5 $11) 21. h5 h6 22. Bc1 R4f5 23. a3 Be8 24. b4 Rxh5 25. Rxh5 Bxh5 26. b5 Nd8 27. c5 ({Better is} 27. Ng3 $11 Bg6 (27... Bf7 28. Rxe5 Bxd5 29. Rxd5 $11) 28. Rxe5) 27... Bf7 $15 28. Bxf7 Nxf7 29. Bd2 Rc8 30. Bb4 Kg8 (30... Kh7 $17) 31. Kb2 a5 32. bxa6 bxa6 33. Kb3 Nd8 34. Kc4 Nc6 (34... Ne6 $11 {remains equal.}) 35. Kd5 $16 {[%emt 0:00:04][%mdl 1024] White has strong compensation.} Kf7 36. Bd2 (36. Nd6+ Bxd6 37. cxd6 Nxb4+ 38. axb4 Rxc2) 36... Ke8 37. Rg1 {[%emt 0:00:01] White is more active.} (37. f4 $142) 37... Bf8 38. Nd6+ Bxd6 39. cxd6 {[%emt 0:00:02][%mdl 4096] Endgame. KRB-KRN} g5 {[%emt 0:00:21][%mdl 8192] [#] This costs Black the game.} (39... Kf7 $1 $14) 40. Rh1 $18 Nd8 $2 (40... Kf7 41. Rxh6 Nb8 42. Rh7+ (42. Bxg5 Rxc2 43. Rh7+ Kg6 $18) (42. Kxe5 Nd7+ 43. Kxd4 Rxc2 $16) 42... Kf6) 41. Rxh6 Rxc2 42. Rh8+ Kd7 43. Rh7+ (43. Bxg5 Nf7 44. Rh7 Rxf2 $11) 43... Kc8 44. Bxg5 (44. Ba5 d3 $18) 44... d3 45. Rh8 (45. Kxe5 Re2+ (45... Rxf2 46. Rh8 $16) (45... d2 46. Bxd2 Rxd2 47. Rc7+ Kb8 48. f4 $15) 46. Kf6 Rxf2+ 47. Kg6 d2 48. d7+ Kc7 $15) 45... d2 46. Rxd8+ (46. Bxd8 d1=Q+ (46... d1=B $2 47. Ba5+ Kb7 48. Rh7+ Kb8 49. d7 $18) 47. Ke6 Qg4+ (47... Rxf2 48. Bh4+ Kb7 49. Rh7+ Kc6 50. Rc7+ Kb5 51. Bxf2 $11) 48. Ke7 Qd7+ (48... Rxf2 $2 49. Bb6+ Kb7 50. Bxf2 $19) 49. Kf6 Rxf2+ (49... Qxd6+ $2 50. Kg5 $19) 50. Kg6 Qf7+ (50... Qxd6+ 51. Kh5 Qxd8 52. Rxd8+ Kxd8 53. Kh4 e4 54. Kh3 e3 55. Kg3 Rf7 56. Kh4 e2 57. Kg5 e1=Q 58. Kh5 Rf2 59. Kh6 Rg2 60. Kh7 Qh4#) 51. Kh6 Rh2+ 52. Bh4+ Kb7 (52... Kd7 53. Rd8+ Ke6 54. Re8+ Qxe8 55. Kg5 Qg8+ 56. Kh5 Kf5 57. Kh6 Rxh4#) (52... Kd7 53. Rd8+ Ke6 54. Re8+ Qxe8 55. Kg5 Qg8+ 56. Kh5 Kf5 57. Kh6 Rxh4#)) 46... Kb7 {[%emt 0:00:00] [#]} 47. Bxd2 {[%emt 0:00:01] White mates.} Rxd2+ 48. Ke6 $1 ({Worse is} 48. Kxe5 Rxf2 49. Rg8 Kc6 $11) 48... Rxf2 49. d7 {[%emt 0:00:01] Weighted Error Value: White=0.11 (very precise) /Black=0.46.  Loses game:     	---       	Black=1      Mistake:       	White=2     	Black=4      Inaccurate:     	White=6     	Black=7      OK:         	White=14    	Black=10     Best:        	White=5     	Black=3} ({Not} 49. Kxe5 Ra2 $14) 1-0